MWL (24 & UNDER)
MINNESOTA DEATH STARS @ BEMIDJI BENDERS
09/06/2023
 
TOP OF THE 1ST
Minnesota Death Stars batting - Pitching for Bemidji Benders : RHP Don Wiggins
Pitching: RHP Don Wiggins
Batting: SHB Boys van der Lack 0-0: Ball
1-0: Swinging Strike
1-1: Foul Ball, location: 2F
1-2: Foul Ball, location: 2F
1-2: Fly out, F4 (Line Drive, 4)
Batting: LHB Alberto Medine 0-0: Called Strike
0-1: Swinging Strike
0-2: Ball
1-2: Ball
2-2: Ball
3-2: Foul Ball, location: 2F
3-2: Base on Balls
Batting: LHB Chris Loudermilk 0-0: Called Strike
0-1: Foul Ball, location: 2F
0-2: Ground out U3 (Groundball, 3S)
Alberto Medine to second
Batting: RHB Herb Ashley 0-0: Ball
1-0: Ball
2-0: Called Strike
2-1: Called Strike
2-2: Foul Ball, location: 2F
2-2: Foul Ball, location: 2F
2-2: Strikes out swinging
Top of the 1st over - 0 run(s), 0 hit(s), 0 error(s), 1 left on base; Minnesota 0 - Bemidji 0
BOTTOM OF THE 1ST
Bemidji Benders batting - Pitching for Minnesota Death Stars : RHP Pat Jackson
Pitching: RHP Pat Jackson
Batting: RHB António López 0-0: Foul Ball, location: 2F
0-1: Swinging Strike
0-2: Ball
1-2: Hit by Pitch
Batting: RHB Gabriel Stout 0-0: Called Strike
0-1: Called Strike
0-2: Ball
1-2: Ball
2-2: Ball
António López steals 2nd base
3-2: SINGLE (Line Drive, 7LM)
António López to third
Batting: SHB Edgardo Osorio 0-0: Called Strike
0-1: Swinging Strike
0-2: Ball
1-2: Strikes out swinging
Batting: RHB Alfredo López 0-0: Ball
1-0: Fly out, F9 (Flyball, 9D)
Runner from 3rd tags up, SCORES, no throw
Batting: RHB Juan Costello 0-0: Foul Ball, location: 2F
0-1: Ball
1-1: Ball
2-1: Called Strike
2-2: Foul Ball, location: 2F
2-2: Foul Ball, location: 2F
2-2: Ground out 4-3 (Groundball, 4)
Bottom of the 1st over - 1 run(s), 1 hit(s), 0 error(s), 1 left on base; Minnesota 0 - Bemidji 1
TOP OF THE 2ND
Minnesota Death Stars batting - Pitching for Bemidji Benders : RHP Don Wiggins
Batting: RHB Jorge Martínez 0-0: Called Strike
0-1: Fly out, F7 (Flyball, 78M)
Batting: LHB Lucas Coleman 0-0: Called Strike
0-1: Ground out 1-3 (Groundball, 25)
Batting: SHB Barrett Bowden 0-0: Called Strike
0-1: Swinging Strike
0-2: Ball
1-2: Foul Ball, location: 2F
1-2: Foul Ball, location: 2F
1-2: Strikes out looking
Top of the 2nd over - 0 run(s), 0 hit(s), 0 error(s), 0 left on base; Minnesota 0 - Bemidji 1
BOTTOM OF THE 2ND
Bemidji Benders batting - Pitching for Minnesota Death Stars : RHP Pat Jackson
Batting: RHB Javier Hernández 0-0: SINGLE (Groundball, 4MD) (infield hit)
Batting: RHB Ángel Garza 0-0: Called Strike
0-1: Ball
1-1: Foul Ball, location: 2F
1-2: Foul Ball, location: 2F
1-2: Foul Ball, location: 2F
1-2: Ball
2-2: Fly out, F9 (Flyball, 9D)
Batting: RHB Roberto Solís 0-0: Ball
1-0: Foul Ball, location: 2F
1-1: Foul Ball, location: 2F
1-2: Strikes out swinging
Batting: RHB Júlio Valdés 0-0: DOUBLE (Groundball, 5L)
Javier Hernández to third
Runner from 3rd tries for Home, SAFE, no throw or cutoff
Batting: RHB António López 0-0: Called Strike
0-1: Swinging Strike
0-2: Fly out, F3 (Line Drive, 3)
Bottom of the 2nd over - 1 run(s), 2 hit(s), 0 error(s), 1 left on base; Minnesota 0 - Bemidji 2
TOP OF THE 3RD
Minnesota Death Stars batting - Pitching for Bemidji Benders : RHP Don Wiggins
Batting: RHB Donato Gozende 0-0: Ground out 4-3 (Groundball, 34)
Batting: LHB Sixto Cortés 0-0: Ball
1-0: Swinging Strike
1-1: Foul Ball, location: 2F
1-2: Ball
2-2: Foul Ball, location: 2F
2-2: Foul Ball, location: 2F
2-2: Ball
3-2: Foul Ball, location: 2F
3-2: Base on Balls
Batting: SHB Boys van der Lack 0-0: DOUBLE (Flyball, 8LM)
Sixto Cortés to third
Batting: LHB Alberto Medine 0-0: Ball
1-0: Called Strike
1-1: Ground out U3 (Groundball, 3L)
Batting: LHB Chris Loudermilk 0-0: Ball
1-0: Ball
2-0: Ball
3-0: Called Strike
3-1: Called Strike
3-2: Foul Ball, location: 2F
3-2: Foul Ball, location: 2F
3-2: Strikes out looking
Top of the 3rd over - 0 run(s), 1 hit(s), 0 error(s), 2 left on base; Minnesota 0 - Bemidji 2
BOTTOM OF THE 3RD
Bemidji Benders batting - Pitching for Minnesota Death Stars : RHP Pat Jackson
Batting: RHB Gabriel Stout 0-0: Called Strike
0-1: Ball
1-1: Ball
2-1: Ball
3-1: Foul Ball, location: 2F
3-2: Base on Balls
Batting: SHB Edgardo Osorio 0-0: Called Strike
0-1: Called Strike
0-2: Ball
1-2: Foul Ball, location: 2F
1-2: Foul Ball, location: 2F
1-2: Strikes out swinging
Batting: RHB Alfredo López 0-0: Foul Ball, location: 2F
0-1: Ball
1-1: Fly out, F8 (Flyball, 8RD)
Runner from 1st tags up, SAFE at 2nd
Batting: RHB Juan Costello 0-0: Fly out, F7 (Flyball, 7M)
Bottom of the 3rd over - 0 run(s), 0 hit(s), 0 error(s), 1 left on base; Minnesota 0 - Bemidji 2
TOP OF THE 4TH
Minnesota Death Stars batting - Pitching for Bemidji Benders : RHP Don Wiggins
Batting: RHB Herb Ashley 0-0: Ball
1-0: Ball
2-0: Foul Ball, location: 2F
2-1: Foul Ball, location: 2F
2-2: Foul Ball, location: 2F
2-2: Ball
3-2: Base on Balls
Batting: RHB Jorge Martínez 0-0: Ball
Herb Ashley is caught stealing 2nd base
1-0: Called Strike
1-1: Foul Ball, location: 2F
1-2: Ball
2-2: Strikes out swinging
Batting: LHB Lucas Coleman 0-0: Fly out, F8 (Flyball, 8RM)
Top of the 4th over - 0 run(s), 0 hit(s), 0 error(s), 0 left on base; Minnesota 0 - Bemidji 2
BOTTOM OF THE 4TH
Bemidji Benders batting - Pitching for Minnesota Death Stars : RHP Pat Jackson
Batting: RHB Javier Hernández 0-0: SINGLE (Groundball, 3)
Batting: RHB Ángel Garza 0-0: Ball
1-0: Ball
2-0: Foul Ball, location: 2F
2-1: Fly out, F4 (Popup, 4MD)
Batting: RHB Roberto Solís 0-0: Ball
1-0: Called Strike
1-1: Called Strike
Javier Hernández is caught stealing 2nd base
1-2: Strikes out looking
Bottom of the 4th over - 0 run(s), 1 hit(s), 0 error(s), 0 left on base; Minnesota 0 - Bemidji 2
TOP OF THE 5TH
Minnesota Death Stars batting - Pitching for Bemidji Benders : RHP Don Wiggins
Batting: SHB Barrett Bowden 0-0: SINGLE (Line Drive, 9S)
Batting: RHB Donato Gozende 0-0: Called Strike
0-1: Ball
1-1: Foul Ball, location: 2F
1-2: Ball
2-2: Ball
3-2: Ground out 6-3 (Groundball, 4MS)
Barrett Bowden to second
Batting: LHB Sixto Cortés 0-0: Foul Ball, location: 2F
0-1: Ball
1-1: Swinging Strike
1-2: Strikes out swinging
Batting: SHB Boys van der Lack 0-0: SINGLE (Groundball, 56D) (infield hit)
Barrett Bowden to third
Batting: LHB Alberto Medine 0-0: Ground out 2-3 (Groundball, 2R)
Top of the 5th over - 0 run(s), 2 hit(s), 0 error(s), 2 left on base; Minnesota 0 - Bemidji 2
BOTTOM OF THE 5TH
Bemidji Benders batting - Pitching for Minnesota Death Stars : RHP Pat Jackson
Batting: RHB Júlio Valdés 0-0: Ball
1-0: Ball
2-0: Ground out 5-3 (Groundball, 5)
Batting: RHB António López 0-0: Ground out 5-3 (Groundball, 5)
Batting: RHB Gabriel Stout 0-0: Called Strike
0-1: Foul Ball, location: 2F
0-2: Ball
1-2: Strikes out looking
Bottom of the 5th over - 0 run(s), 0 hit(s), 0 error(s), 0 left on base; Minnesota 0 - Bemidji 2
TOP OF THE 6TH
Minnesota Death Stars batting - Pitching for Bemidji Benders : RHP Don Wiggins
Batting: LHB Chris Loudermilk 0-0: Called Strike
0-1: Called Strike
0-2: Strikes out looking
Batting: RHB Herb Ashley 0-0: Fly out, F8 (Flyball, 8RM)
Batting: RHB Jorge Martínez 0-0: Ground out 4-3 (Groundball, 4)
Top of the 6th over - 0 run(s), 0 hit(s), 0 error(s), 0 left on base; Minnesota 0 - Bemidji 2
BOTTOM OF THE 6TH
Bemidji Benders batting - Pitching for Minnesota Death Stars : RHP Pat Jackson
Batting: SHB Edgardo Osorio 0-0: Ground out 4-3 (Groundball, 4M)
Batting: RHB Alfredo López 0-0: Ball
1-0: Called Strike
1-1: Ball
2-1: Foul Ball, location: 2F
2-2: Ball
3-2: Ground out 6-3 (Groundball, 6M)
Batting: RHB Juan Costello 0-0: Called Strike
0-1: Swinging Strike
0-2: Ball
1-2: Foul Ball, location: 2F
1-2: Strikes out swinging
Bottom of the 6th over - 0 run(s), 0 hit(s), 0 error(s), 0 left on base; Minnesota 0 - Bemidji 2
TOP OF THE 7TH
Minnesota Death Stars batting - Pitching for Bemidji Benders : RHP Don Wiggins
Pitching: LHP David Taylor
Batting: LHB Lucas Coleman 0-0: Ball
1-0: Called Strike
1-1: Foul Ball, location: 2F
1-2: Strikes out swinging
Batting: SHB Barrett Bowden 0-0: Called Strike
0-1: Called Strike
0-2: Ball
1-2: Strikes out swinging
Batting: RHB Donato Gozende 0-0: Ball
1-0: Ball
2-0: Called Strike
2-1: Swinging Strike
2-2: Ball
3-2: Strikes out swinging
Top of the 7th over - 0 run(s), 0 hit(s), 0 error(s), 0 left on base; Minnesota 0 - Bemidji 2
BOTTOM OF THE 7TH
Bemidji Benders batting - Pitching for Minnesota Death Stars : RHP Pat Jackson
Pitching: RHP Ángel Uribe
Batting: RHB Javier Hernández 0-0: Called Strike
0-1: Foul Ball, location: 2F
0-2: Strikes out looking
Batting: RHB Ángel Garza 0-0: Ball
1-0: Foul Ball, location: 2F
1-1: Ball
2-1: SINGLE (Groundball, 4M)
Batting: RHB Roberto Solís 0-0: Ball
1-0: Swinging Strike
1-1: Ball
2-1: Called Strike
2-2: Foul Ball, location: 2F
2-2: Strikes out swinging
Batting: RHB Júlio Valdés 0-0: Ball
1-0: SINGLE (Flyball, 8RS)
Ángel Garza to second
Batting: RHB António López 0-0: Swinging Strike
0-1: Swinging Strike
0-2: Strikes out swinging
Bottom of the 7th over - 0 run(s), 2 hit(s), 0 error(s), 2 left on base; Minnesota 0 - Bemidji 2
TOP OF THE 8TH
Minnesota Death Stars batting - Pitching for Bemidji Benders : LHP David Taylor
Batting: LHB Sixto Cortés 0-0: Ball
1-0: Foul Ball, location: 2F
1-1: Swinging Strike
1-2: Strikes out swinging
Batting: SHB Boys van der Lack 0-0: Ball
1-0: Ball
2-0: Foul Ball, location: 2F
2-1: Ball
3-1: Base on Balls
Batting: LHB Alberto Medine 0-0: Ball
1-0: Ball
2-0: Ball
3-0: Base on Balls
Boys van der Lack to second
Batting: LHB Chris Loudermilk 0-0: Foul Ball, location: 2F
0-1: Ball
1-1: Foul Ball, location: 2F
1-2: Ball
2-2: Strikes out looking
Pitching: RHP Carl Henry
Pinch Hitting: RHB Yaichiro Sugahara 0-0: Called Strike
0-1: Ball
1-1: Ball
2-1: Ball
3-1: Foul Ball, location: 2F
3-2: Foul Ball, location: 2F
3-2: Strikes out looking
Top of the 8th over - 0 run(s), 0 hit(s), 0 error(s), 2 left on base; Minnesota 0 - Bemidji 2
BOTTOM OF THE 8TH
Bemidji Benders batting - Pitching for Minnesota Death Stars : RHP Ángel Uribe
Now in LF: Allen Shepherd
Batting: RHB Gabriel Stout 0-0: Ball
1-0: Ball
2-0: SINGLE (Groundball, 6MD)
Batting: SHB Edgardo Osorio 0-0: Ball
1-0: Ground out 2-3 (Groundball, 25)
Gabriel Stout to second
Batting: RHB Alfredo López 0-0: Intentional Walk
Batting: RHB Juan Costello 0-0: Called Strike
0-1: Ball
1-1: Ball
2-1: Called Strike
2-2: Ball
3-2: Base on Balls
Gabriel Stout to third
Alfredo López to second
Pinch Hitting: SHB José Cruz 0-0: Called Strike
0-1: Swinging Strike
0-2: Fly out, F7 (Flyball, 78M)
Runner from 3rd tags up, SCORES, no throw
Batting: RHB Ángel Garza 0-0: Called Strike
0-1: Foul Ball, location: 2F
0-2: Ball
1-2: Ball
2-2: Foul Ball, location: 2F
2-2: SINGLE (Line Drive, 6MD)
Alfredo López to third
Juan Costello to second
Runner from 3rd tries for Home, SAFE, no throw or cutoff
Batting: RHB Roberto Solís 0-0: Ball
1-0: Swinging Strike
1-1: Ground out 6-3 (Groundball, 6)
Bottom of the 8th over - 2 run(s), 2 hit(s), 0 error(s), 2 left on base; Minnesota 0 - Bemidji 4
TOP OF THE 9TH
Minnesota Death Stars batting - Pitching for Bemidji Benders : RHP Carl Henry
Now at 1B: José Cruz
Batting: RHB Jorge Martínez 0-0: Ball
1-0: Ball
2-0: SINGLE (Groundball, 34D)
Batting: LHB Lucas Coleman 0-0: Ball
1-0: Foul Ball, location: 2F
1-1: Called Strike
1-2: Strikes out looking
Batting: SHB Barrett Bowden 0-0: Called Strike
0-1: Called Strike
0-2: Ball
Wild Pitch!
Jorge Martínez to second
1-2: Ball
2-2: Foul Ball, location: 2F
2-2: Ball
3-2: Foul Ball, location: 2F
3-2: Strikes out looking
Batting: RHB Donato Gozende 0-0: Ball
1-0: Ball
2-0: Foul Ball, location: 2F
2-1: Foul Ball, location: 2F
2-2: Strikes out looking
Top of the 9th over - 0 run(s), 1 hit(s), 0 error(s), 1 left on base; Minnesota 0 - Bemidji 4
This league is powered by Out of the Park Baseball, the baseball management simulation game for PC, Mac and Linux
Wednesday, December 2nd, 2015 - OOTP Baseball 16.8 Build 38